 Dungeon Crawl Stone Soup version 0.22-a0-858-g985ef60 (webtiles) character file.

105 Amnesiac the Digger (level 4, -10/30 HPs)
             Began as a Mummy Earth Elementalist on July 27, 2018.
             Mangled by an ogre
             ... wielding a +0 giant club
              (23 damage)
             ... on level 4 of the Dungeon.
             The game lasted 00:02:07 (933 turns).

Amnesiac the Digger (Mummy Earth Elementalist)       Turns: 933, Time: 00:02:08

Health: -10/30     AC:  2    Str: 11    XL:     4   Next: 53%
Magic:  4/9        EV: 12    Int: 15    God:
Gold:   25         SH:  0    Dex: 12    Spells: 0/10 levels left

rFire    x . .     SeeInvis .   a - +0 dagger (venom)
rCold    + . .     Gourm    .   (no shield)
rNeg     + + +     Faith    .   c - +0 robe
rPois    ∞         Spirit   .   (no helmet)
rElec    .         Reflect  .   (no cloak)
rCorr    .         Harm     .   (no gloves)
MR       .....                  (no boots)
Stlth    ++........             g - amulet of regeneration
HPRegen  0.50/turn              (no ring)
MPRegen  0.11/turn              (no ring)

@: no status effects
A: no food or potions, fire vulnerability, cold resistance 1, negative energy
resistance 3, torment resistance, unbreathing
a: no special abilities


You were on level 4 of the Dungeon.
You were not hungry.

You visited 1 branch of the dungeon, and saw 4 of its levels.

You collected 25 gold pieces.

Inventory:

Hand Weapons
 a - a +0 dagger of venom (weapon)
Missiles
 b - 57 stones (quivered)
Armour
 c - a +0 robe (worn)
 f - a +0 cloak
Jewellery
 g - an amulet of regeneration (around neck)
Wands
 d - a wand of random effects (22)
Scrolls
 e - a scroll of teleportation {!r}
 i - a scroll of noise {!r, unknown}


   Skills:
 - Level 1.5 Dodging
 - Level 1.5 Stealth
 + Level 3.9 Spellcasting
 - Level 0.7 Transmutations
 * Level 3.9 Earth Magic


You couldn't memorise any spells.
You knew the following spells:

 Your Spells              Type           Power        Failure   Level  Hunger
a - Sandblast             Erth           ##....       3%          1    N/A
b - Passwall              Tmut/Erth      ##......     11%         2    N/A
c - Stone Arrow           Conj/Erth      #.....       24%         3    N/A
e - Petrify               Tmut/Erth      ##......     56%         4    N/A

Your spell library contained the following spells:

 Spells                   Type           Power        Failure   Level  Hunger
 Lee's Rapid Deconstruct  Erth           ##........   69%         5    N/A

Dungeon Overview and Level Annotations

Branches:
Dungeon (4/15)
 Temple: D:4-7

Altars:
Ru
Trog

Annotations:
D:1 1 runed door
D:4 Ijyb


Innate Abilities, Weirdness & Mutations

You do not eat or drink.
Your flesh is vulnerable to fire.
You are immune to poison.
Your flesh is cold resistant. (rC+)
You are immune to negative energy. (rN+++)
You are immune to unholy pain and torment.
You can survive without breathing.


Message History

The worker ant is severely wounded.
The worker ant bites you. The worker ant misses you.
You kill the worker ant!
You see here a worker ant corpse.
You start resting.
HP restored.
i - a scroll labeled ECEIRE EKHLASO {!r} Really read
h - a scroll labeled JYLUEF KUDONT {!r}?
As you read the scroll labeled JYLUEF KUDONT {!r}, it crumbles to dust.
The scroll dissolves into smoke.
It was a scroll of fog {!r}.
An ogre comes into view. It is wielding a giant club.
An ogre is nearby!
An ogre comes into view. It is wielding a giant club.
Found a rapier.
Unknown command.
The ogre shouts!
You start waiting.
The ogre is too close now for your liking.
Casting: Sandblast (safe; 3% risk of failure)
Confirm with . or Enter, or press ? or * to list all spells.
Aiming: Sandblast (safe; 3% risk of failure)
Press: ? - help, Shift-Dir - straight line, f - ogre
Aim: an ogre, wielding a giant club The blast of sand hits the ogre.
The ogre is moderately wounded.
b - 61 stones
Casting: Sandblast (safe; 3% risk of failure)
Confirm with . or Enter, or press ? or * to list all spells.
Aiming: Sandblast (safe; 3% risk of failure)
Press: ? - help, Shift-Dir - straight line, f/p - ogre
Aim: an ogre, wielding a giant club (moderately wounded)
The blast of sand hits the ogre.
The ogre is heavily wounded.
b - 60 stones
Casting: Sandblast (safe; 3% risk of failure)
Confirm with . or Enter, or press ? or * to list all spells.
Aiming: Sandblast (safe; 3% risk of failure)
Press: ? - help, Shift-Dir - straight line, f/p - ogre
Aim: an ogre, wielding a giant club (heavily wounded)
The blast of sand misses the ogre.
b - 59 stones The ogre barely misses you.
Casting: Sandblast (safe; 3% risk of failure)
Confirm with . or Enter, or press ? or * to list all spells.
Aiming: Sandblast (safe; 3% risk of failure)
Press: ? - help, Shift-Dir - straight line, f/p - ogre
Aim: an ogre, wielding a giant club (heavily wounded)
The blast of sand hits the ogre.
The ogre is heavily wounded.
b - 58 stones The ogre hits you with a giant club!
Ouch! That really hurt!
* * * LOW HITPOINT WARNING * * *
Casting: Sandblast (safe; 3% risk of failure)
Confirm with . or Enter, or press ? or * to list all spells.
Aiming: Sandblast (safe; 3% risk of failure)
Press: ? - help, Shift-Dir - straight line, f/p - ogre
Aim: an ogre, wielding a giant club (heavily wounded)
The blast of sand hits the ogre.
The ogre is severely wounded.
b - 57 stones The ogre hits you with a giant club!!
Ouch! That really hurt!
You die...

# #.......... #
#.#.######
##############.#.#####
.........†.§.........#
###########.##.#.########
# #.............# #
#.##.#.######## #
#§##.#O# # #.##.#@# ##
######.##.#.# ..
....O...O.#.# ##
..O.......#.# #
.......#..#.# #
).####.#..#.# # #
#.#..#.# #.#..#.# #.#..#


You could see an ogre.

Vanquished Creatures
  Jessica (D:2)
  A worker ant (D:4)
  2 adders
  An ooze (D:3)
  A worm (D:2)
  2 leopard geckos
  8 bats
  2 giant cockroaches
  2 goblins (D:2)
  5 hobgoblins
  2 kobolds
  A rat (D:1)
28 creatures vanquished.

Notes
Turn   | Place    | Note
-------+----------+-------------------------------------------
     0 | D:1      | Amnesiac the Mummy Earth Elementalist began the quest for the Orb.
     0 | D:1      | Reached XP level 1. HP: 13/13 MP: 4/4
     5 | D:2      | Noticed Jessica
    16 | D:1      | Found a runed door.
   184 | D:2      | Killed Jessica
   184 | D:2      | Reached XP level 2. HP: 19/19 MP: 3/6
   184 | D:2      | Reached XP level 3. HP: 24/24 MP: 3/7
   188 | D:2      | Learned a level 2 spell: Passwall
   192 | D:2      | Learned a level 3 spell: Stone Arrow
   210 | D:2      | Found a bloodstained altar of Trog.
   291 | D:2      | Found a sacrificial altar of Ru.
   759 | D:3      | Reached XP level 4. HP: 28/30 MP: 9/9
   818 | D:4      | Noticed Ijyb
   851 | D:4      | Learned a level 4 spell: Petrify
   914 | D:4      | Noticed an ogre
   916 | D:4      | Noticed an ogre
   933 | D:4      | Mangled by an ogre

Vault maps used:
D:1:      dpeg_arrival_caged_fury, st_stairs_11
D:2:      kb_forest_paths, lemuel_crystal_altar, nicolae_overflow_crystal_walls,
          first_ration, st_stairs_9, kennysheep_flooded_box,
          minmay_tree_intersection, uniq_jessica
D:4:      lemuel_crystal_altar, nicolae_overflow_hidden_temple,
          makhleb_altar_promises_db, nicolae_ru_sacrificial_ziggurat,
          uniq_natasha, uniq_robin, uniq_ijyb

Skill      XL: |  1 |
---------------+----+-----
Spellcasting   | 3 |  3.9
Earth Magic    | 3 |  3.9
Dodging        | |  1.5
Stealth        | |  1.5
Transmutations | |  0.7

Action                   |  1- 3 |  4- 6 || total
-------------------------+-------+-------++-------
Melee: Dagger            |    55 |    18 ||    73
       Unarmed           |     1 |       ||     1
 Cast: Sandblast         |    14 |     5 ||    19
  Use: Scroll            |       |     2 ||     2
 Stab: Distracted        |     1 |       ||     1
       Sleeping          |     1 |     1 ||     2
Armor: Robe              |    22 |     3 ||    25
Dodge: Dodged            |    46 |     9 ||    55

Table legend:
 A = Spawn XP
 B = Non-spawn XP
 C = Spawn XP percentage of total XP
 D = Spawn monster count
 E = Non-spawn monster count
 F = Spawn count percentage of total count
 G = Total turns spent on level
                    A         B        C        D         E        F      G
               +---------+---------+-------+---------+---------+-------+---------
         Total |       0 |     150 |   0.0 |       0 |      28 |   0.0 |   933
               +---------+---------+-------+---------+---------+-------+---------
           D:1 |       0 |       3 |   0.0 |       0 |       2 |   0.0 |   169
           D:2 |       0 |      76 |   0.0 |       0 |      14 |   0.0 |   293
           D:3 |       0 |      24 |   0.0 |       0 |      10 |   0.0 |   326
           D:4 |       0 |      47 |   0.0 |       0 |       2 |   0.0 |   145
               +---------+---------+-------+---------+---------+-------+---------
